AoeStats
← TheQuietRiot

Arabia

506255643Analyzed
1v1 RM · 20d ago on Sep 12, 2026· 73m 53s· 2 players
Game mode
Random Map
Map size
Tiny (2 player)
Population
200
Speed
Normal
Resources
Standard
Victory
Conquest
Starting age
Dark Age
Ending age
Imperial Age
RankedLock teamsTeams togetherTeam positionsShared explorationLock speedFull tech treeHidden civsTurbo modeCheats
Victory
Defeat
🇬🇧 Teutons · United Kingdom
902
+16
🇸🇪 Britons · Sweden
909
-16
TheQuietRiot
7:12 Loom
9:57 Feudal Age
15:38 Double-Bit Axe
15:39 Horse Collar
17:52 Fletching
25:25 Castle Age
24:41 Stone Mining
24:43 Gold Mining
36:05 Bow Saw
35:58 Heavy Plow
37:08 Masonry
36:39 Pikeman
41:26 Forging
40:55 Elite Skirmisher
42:13 Bodkin Arrow
42:19 Padded Archer Armor
48:37 Stone Shaft Mining
49:15 Ballistics
50:49 Scale Mail Armor
52:50 Squires
52:36 Arson
52:37 Gambesons
55:40 Imperial Age
53:50 Wheelbarrow
58:07 Chain Mail Armor
58:28 Iron Casting
58:29 Hand Cart
59:14 Cavalier
61:25 Blast Furnace
60:32 Scale Barding Armor
60:49 Paladin
63:03 Plate Mail Armor
62:32 Town Watch
63:35 Bloodlines
63:49 Chain Barding Armor
64:10 Conscription
66:28 Town Patrol
67:32 Chemistry
66:40 Siege Engineers
70:02 Two-Man Saw
71:08 Plate Barding Armor
Smiley Virus
9:16 Feudal Age
9:40 Loom
11:15 Double-Bit Axe
11:12 Horse Collar
22:44 Forging
25:17 Castle Age
23:55 Stone Mining
25:48 Fletching
25:43 Light Cavalry
32:08 Wheelbarrow
31:19 Town Watch
32:32 Husbandry
33:46 Ballistics
37:50 Murder Holes
39:59 Hand Cart
39:45 Town Patrol
45:34 Bodkin Arrow
47:18 Bow Saw
47:01 Gold Mining
49:43 Imperial Age
51:30 Iron Casting
50:52 Capped Ram
53:24 Chemistry
53:05 Elite Skirmisher
55:07 Cavalier
63:45 Elite Longbowman
71:16 Pikeman
71:57 Squires
72:56 Padded Archer Armor
Connection lost

Rejoining the realm…

Still unreachable

The connection could not be restored.

Session expired

The server has moved on; the page needs a fresh start.